 Dungeon Crawl Stone Soup version 0.29-a0-872-g797fff5ad1 (webtiles) character file.

Game seed: 17320012443377032635

8822 Conn the Thaumaturge (level 11, -2/56 HPs)
             Began as an Octopode Fire Elementalist on July 18, 2022.
             Was a Believer of Sif Muna.
             Slain by a spectral meliai (6 damage)
             ... on level 9 of the Dungeon.
             The game lasted 00:30:00 (11502 turns).

Conn the Thaumaturge (Octopode Fire Elementalist)  Turns: 11502, Time: 00:30:01

Health: -2/56      AC:  1    Str:  8    XL:     11   Next: 36%
Magic:  26/34      EV: 13    Int: 31    God:    Sif Muna [**....]
Gold:   622        SH:  3    Dex: 11    Spells: 9/31 levels left

rFire   + . .      SeeInvis .   c - +2 short sword (venom)
rCold   . . .      Faith    .   l - +0 buckler
rNeg    + . .      Spirit   .   (helmet restricted)
rPois   +          Reflect  .   d - amulet of the acrobat
rElec   .          Harm     .   n - ring of protection from fire
rCorr   .          Rampage  .   s - ring of poison resistance
Will    .....                   y - +6 ring of intelligence
Stlth   +++++.....              A - ring "Teci" {Drain rN+ MP+9 Slay+4 Stlth+}
HPRegen 0.18/turn               (no ring)
MPRegen 0.24/turn               (no ring)
                                (no ring)
                                (no ring)

@: swift, quick
A: almost no armour, amphibious, 8 rings, camouflage 1, gelatinous body 1,
(nimble swimmer 1), tentacles, clever 1, frail 1
a: Renounce Religion, Channel Magic


You were on level 9 of the Dungeon.
You worshipped Sif Muna.
Sif Muna was pleased with you.
You visited 2 branches of the dungeon, and saw 10 of its levels.
You also visited: Bailey.

You collected 622 gold pieces.

Inventory:

Hand Weapons
 c - a +2 short sword of venom (weapon)
 e - a +4 dagger
Missiles
 q - 28 poisoned darts (quivered)
Armour
 l - a +0 buckler (worn)
Magical Staves
 z - a staff of poison
Jewellery
 d - an amulet of the acrobat (around mantle)
 n - a ring of protection from fire (left tentacle)
 s - a ring of poison resistance (right tentacle)
 y - a +6 ring of intelligence (on tentacle)
 A - the ring "Teci" (on tentacle) {Drain rN+ MP+9 Slay+4 Stlth+}
   (You acquired it on level 5 of the Dungeon)

   [ring of slaying]

   Slay:      It affects your accuracy & damage with ranged weapons and melee
   (+4).
   rN:        It protects you from negative energy.
   MP:        It affects your magic capacity (+9).
   Drain:     It drains your maximum health when unequipped.
   Stlth:     It makes you more stealthy.
 B - an amulet of guardian spirit
Wands
 C - a wand of mindburst (11)
Scrolls
 b - 3 scrolls of amnesia
 h - a scroll of magic mapping
 i - 5 scrolls of immolation {unknown}
 j - 2 scrolls of blinking {unknown}
 k - 4 scrolls of teleportation {unknown}
 D - 2 scrolls of poison {unknown}
 E - a scroll of silence {unknown}
 G - a scroll of fog {unknown}
 H - a scroll of enchant armour {unknown}
Potions
 a - 2 potions of magic
 f - 4 potions of heal wounds
 g - 2 potions of might
 m - 4 potions of mutation
 o - 4 potions of haste
 p - 7 potions of curing
 r - 3 potions of flight {unknown}
 t - a potion of berserk rage {unknown}
 u - a potion of lignification {unknown}
 v - a potion of ambrosia {unknown}
 w - 2 potions of degeneration {unknown}
 x - a potion of resistance {unknown}
 F - 3 potions of attraction {unknown}


   Skills:
 + Level 1.2 Fighting
 + Level 2.5 Short Blades
 + Level 0.2 Throwing
 + Level 2.8 Dodging
 + Level 5.9 Stealth
 + Level 0.2 Shields
 + Level 10.8 Spellcasting
 * Level 6.1 Conjurations
 + Level 1.9 Hexes
 + Level 4.0 Translocations
 + Level 8.8 Fire Magic
 * Level 3.5 Invocations


You had 9 spell levels left.
You knew the following spells:

 Your Spells              Type           Power      Damage    Failure   Level
a - Foxfire               Conj/Fire      100%       2x1d9     1%          1
b - Conjure Flame         Conj/Fire      58%        6-21      1%          3
c - Inner Flame           Hex/Fire       50%        N/A       1%          3
d - Flame Wave            Conj/Fire      58%        2d11      1%          4
e - Scorch                Fire           100%       2d10      1%          2
f - Blink                 Tloc           82%        N/A       1%          2
g - Ozocubu's Armour      Ice            16%        N/A       12%         3
h - Summon Small Mammal   Summ           64%        N/A       4%          1
i - Swiftness             Air            16%        N/A       12%         3

Your spell library contained the following spells:

 Spells                   Type           Power      Damage    Failure   Level
 Apportation              Tloc           82%        N/A       1%          1
 Lesser Beckoning         Tloc           41%        N/A       2%          3
 Necrotise                Necr           64%        1d7       4%          1
 Ensorcelled Hibernation  Hex/Ice        44%        N/A       4%          2
 Passwall                 Tmut/Erth      13%        N/A       6%          2
 Cause Fear               Hex            14%        N/A       19%         4
 Manifold Assault         Tloc           41%        N/A       22%         5
 Metabolic Englaciation   Hex/Ice        11%        N/A       58%         5
 Simulacrum               Ice/Necr       8%         N/A       99%         6
 Dragon Form              Tmut           8%         N/A       100%        7
 Storm Form               Tmut/Air       8%         N/A       100%        7
 Dragon's Call            Summ           8%         N/A       100%        9


Dungeon Overview and Level Annotations

Branches:
Dungeon (9/15)             Temple (1/1) D:6            Lair (0/5) D:8
 Bailey (visited)
    Orc: D:9-12

Altars:
Ashenzari
Cheibriados
Dithmenos
Elyvilon
Fedhas
Gozag
Hepliaklqana
Kikubaaqudgha
Makhleb
Nemelex Xobeh
Qazlal
Ru
Sif Muna
Trog
Uskayaw
Vehumet
Wu Jian
Xom
Yredelemnul
Zin
The Shining One

Shops:
D:5 =

Annotations:
D:2 Natasha
D:7 exclusion: statue
D:9 anet's ghost, novice GrCj


Innate Abilities, Weirdness & Mutations

You cannot wear most types of armour.
You are amphibious.
You can wear up to eight rings at the same time.
Your skin changes colour to match your surroundings (Stealth+).
Your rubbery body absorbs attacks. (AC +1, EV +1)
((You are camouflaged when in or above water. (Stealth+)))
You have tentacles for arms and can constrict up to eight enemies at once.
Your mind is acute. (Int +4, Str/Dex -1)
You are frail. (-10% HP)


Message History

Confirm with . or Enter, or press ? or * to list all spells.
You conjure some foxfire!
You open the gate.
The foxfire hits anet's ghost.
Anet's ghost is lightly damaged.
The foxfire hits anet's ghost.
Anet's ghost is lightly damaged.
You block the spectral meliai's attack. The spectral meliai barely misses you.
Unknown command.
Casting: Foxfire (safe; 1% risk of failure)
Confirm with . or Enter, or press ? or * to list all spells.
Casting: Flame Wave (dangerous; 1% risk of failure)
Press: ? - help, Dir - look around, f - activate
Okay, then.
You swap places.
The spectral meliai hits your quokka!
Your quokka dies!
Your quokka's corpse disappears in a puff of smoke!
You block the meliai simulacrum's attack.
The meliai simulacrum completely misses you.
Unknown command.
Casting: Flame Wave (dangerous; 1% risk of failure)
Confirm with . or Enter, or press ? or * to list all spells.
Casting: Flame Wave (dangerous; 1% risk of failure)
Press: ? - help, Dir - look around, f - activate A wave of flame ripples out!
The flame wave engulfs the meliai simulacrum!!
The meliai simulacrum melts!
The meliai simulacrum is almost destroyed.
The flame wave engulfs the spectral meliai.
The spectral meliai is lightly damaged. (Press . to intensify the flame waves.)
The meliai simulacrum hits you. The meliai simulacrum freezes you!!
The meliai simulacrum hits you. The meliai simulacrum freezes you!
The spectral meliai closely misses you. The spectral meliai hits you.
The meliai simulacrum hits you.
* * * LOW HITPOINT WARNING * * *
The meliai simulacrum freezes you!
* * * LOW HITPOINT WARNING * * *
The meliai simulacrum barely misses you.
You block the spectral meliai's attack. The spectral meliai hits you.
You die...

#.## #.# #.# .#.###
#.# #.#
#....########## #.#
........#.#.#.####
###.#
####.##.#.....#..#
#...#
.###.##.##$...'..##
#.###
.....##.#.!...'Z..#
#.#
.#......##=...'ZZ.#
#.#
##)[.##.#..W.Z#Z@.#
#.#
##...##.#.#.#.###.#
#.# #..[##.#######
#.# #.# ##..).....#
#.#####.#
....###.#.#
#.......# ##.##
#.#.# #####.### #.#
#.#.####### #.#
##.# #.#.......#
#.# ##.#
#.#######.# #.#


You could see 2 spectral centaur warriors, a spectral meliai, anet's ghost, a
centaur warrior simulacrum and a meliai simulacrum.

Vanquished Creatures
  Pikel (D:6)
  2 orc knights (Bailey)
  A manticore (D:8)
  A troll (D:9)
  A polar bear (D:8)
  2 hornets
  10 yaks
  3 wyverns
  2 steam dragons
  A water moccasin (D:5)
  Edmund (D:6)
  Duvessa (D:6)
  8 orc warriors
  6 ice beasts
  A black bear (D:2)
  2 ogres
  2 sky beasts
  2 wolves (D:8)
  3 phantoms
  2 centaurs
  3 bullfrogs
  2 scorpions (D:6)
  A necrophage (D:6)
  3 wights (D:7)
  Dowan (D:6)
  3 howler monkeys (D:8)
  3 crimson imps (D:6)
  A hound (D:6)
  A quasit (D:4)
  3 orc priests
  A gnoll bouda (D:9)
  Crazy Yiuf (D:3)
  Natasha (D:2)
  2 orc wizards
  5 iguanas
  A killer bee simulacrum (D:8)
  Robin (D:3)
  10 adders
  10 gnolls
  4 shadow imps
  3 white imps
  4 ufetubi
  A worm (D:4)
  35 orcs
  7 ball pythons
  6 bats
  6 endoplasms
  4 giant cockroaches
  17 goblins
  6 hobgoblins
  5 jackals (D:3)
  4 frilled lizards
  7 kobolds
  A rat (D:3)
215 creatures vanquished.

Vanquished Creatures (others)
  A crimson imp (D:6)
  A butterfly (D:5)
  589 foxfires
  A plant (D:3)
592 creatures vanquished.

Grand Total: 807 creatures vanquished

Notes
Turn   | Place    | Note
-------+----------+-------------------------------------------
     0 | D:1      | Conn the Octopode Fire Elementalist began the quest for the
                  | Orb.
     0 | D:1      | Reached XP level 1. HP: 11/11 MP: 3/3
   112 | D:1      | Found a faded altar of an unknown god.
   150 | D:1      | Reached XP level 2. HP: 17/17 MP: 5/5
   807 | D:2      | Learned a level 2 spell: Scorch
   814 | D:2      | Reached XP level 3. HP: 18/21 MP: 2/6
   866 | D:2      | Noticed Natasha
   874 | D:2      | Killed Natasha
   875 | D:2      | Reached XP level 4. HP: 13/27 MP: 0/7
  1127 | D:2      | Noticed Natasha
  1466 | D:2      | Noticed a black bear
  1471 | D:2      | Killed a black bear
  1472 | D:2      | Reached skill level 1 in Short Blades
  1472 | D:2      | Reached XP level 5. HP: 17/31 MP: 0/9
  2098 | D:3      | Noticed Robin
  2154 | D:3      | Killed Robin
  2155 | D:3      | Reached skill level 5 in Stealth
  2301 | D:3      | Learned a level 3 spell: Conjure Flame
  2305 | D:3      | Learned a level 3 spell: Inner Flame
  2347 | D:3      | Reached skill level 3 in Spellcasting
  2347 | D:3      | Reached XP level 6. HP: 36/36 MP: 6/10
  2452 | D:3      | Found a runed translucent door.
  2453 | D:3      | Noticed Crazy Yiuf
  2458 | D:3      | Killed Crazy Yiuf
  3043 | D:3      | Found a bloodstained altar of Trog.
  3043 | D:3      | Found an opulent altar of Gozag.
  3044 | D:3      | Found a glowing silver altar of Zin.
  3216 | D:3      | Found a hide-covered altar of Uskayaw.
  3374 | D:4      | Found a stormy altar of Qazlal.
  3582 | D:4      | Reached skill level 5 in Fire Magic
  3582 | D:4      | Reached XP level 7. HP: 42/42 MP: 4/12
  3964 | D:4      | Found a broken altar of Ashenzari.
  4026 | D:4      | Found a sacrificial altar of Ru.
  4174 | D:5      | Entered Level 5 of the Dungeon
  4174 | D:5      | Found Idgheic's Jewellery Boutique.
  4181 | D:5      | Reached skill level 4 in Spellcasting
  4348 | D:4      | Learned a level 4 spell: Flame Wave
  4639 | D:5      | Identified a scroll of acquirement
  4639 | D:5      | Acquired the ring "Teci" {Drain rN+ MP+9 Slay+4 Stlth+}
  4774 | D:5      | Reached skill level 5 in Spellcasting
  4774 | D:5      | Reached XP level 8. HP: 47/47 MP: 15/15
  4877 | D:5      | Found a burning altar of Makhleb.
  5062 | D:5      | Found a white marble altar of Elyvilon.
  5243 | D:5      | Learned a level 2 spell: Blink
  5612 | D:6      | Reached skill level 1 in Translocations
  5725 | D:6      | Reached skill level 6 in Spellcasting
  5956 | D:6      | Found a shimmering altar of Xom.
  5988 | D:6      | Reached XP level 9. HP: 29/52 MP: 14/19
  6178 | D:6      | Gained mutation: You are frail. (-10% HP) [potion of
                  | mutation]
  6178 | D:6      | Gained mutation: Your mind is acute. (Int +4, Str/Dex -1)
                  | [potion of mutation]
  6206 | D:6      | Noticed Edmund
  6221 | D:6      | Killed Edmund
  6222 | D:6      | Reached skill level 7 in Spellcasting
  6402 | D:6      | Found a staircase to the Ecumenical Temple.
  6414 | Temple   | Entered the Ecumenical Temple
  6414 | Temple   | Found a transporter.
  6414 | Temple   | Found a transporter.
  6416 | Temple   | Found a transporter.
  6416 | Temple   | Found a transporter.
  6555 | D:6      | Noticed Pikel
  6570 | D:6      | Killed Pikel
  6571 | D:6      | Reached skill level 1 in Fighting
  6571 | D:6      | Reached skill level 8 in Spellcasting
  6661 | D:6      | Identified the +7 chain mail of the Burnt God {Slay+5}
  6694 | D:6      | Noticed Dowan
  6697 | D:6      | Noticed Duvessa
  6701 | D:6      | Killed Dowan
  6708 | D:6      | Killed Duvessa
  6870 | D:7      | Found a shimmering blue altar of Sif Muna.
  6882 | D:7      | Became a worshipper of Sif Muna the Loreminder
  7003 | D:7      | Learned a level 3 spell: Ozocubu's Armour
  7094 | D:7      | Noticed a hornet
  7111 | D:7      | Killed a hornet
  7112 | D:7      | Reached skill level 5 in Conjurations
  7112 | D:7      | Reached XP level 10. HP: 48/52 MP: 13/22
  7223 | D:7      | Learned a level 1 spell: Summon Small Mammal
  7612 | D:7      | Reached skill level 9 in Spellcasting
  7801 | D:7      | Found a radiant altar of Vehumet.
  8538 | D:8      | Noticed a manticore
  8830 | D:8      | Reached * piety under Sif Muna
  8840 | D:8      | Reached skill level 1 in Hexes
  8856 | D:8      | Reached skill level 10 in Spellcasting
  9149 | D:8      | Found a staircase to the Lair.
  9395 | D:8      | Learned a level 3 spell: Swiftness
  9405 | D:8      | Found a basalt altar of Yredelemnul.
  9588 | D:8      | Killed a manticore
  9589 | D:8      | Reached skill level 1 in Invocations
  9743 | D:9      | Found a blossoming altar of Fedhas.
  9803 | D:9      | Reached XP level 11. HP: 41/56 MP: 8/25
 10248 | D:9      | Found a flagged portal.
 10252 | Bailey   | Entered a bailey
 10269 | Bailey   | Reached ** piety under Sif Muna
 10410 | Bailey   | Noticed an orc knight
 10410 | Bailey   | Noticed an orc knight
 10426 | Bailey   | Killed an orc knight
 10427 | Bailey   | Killed an orc knight
 10808 | Bailey   | Identified the +5 crystal plate armour of Powerful Lucidity
                  | {rElec rC+ Str+8 Int-3}
 11335 | D:9      | Found a runed translucent gate.
 11335 | D:9      | Found a runed translucent gate.
 11335 | D:9      | Noticed anet's ghost (novice GrCj)
 11336 | D:9      | Found a runed translucent gate.
 11502 | D:9      | Slain by a spectral meliai

Illustrated notes

Levels and vault maps discovered:
D:1:      dpeg_arrival_stone_temple_mockup, layout_loops_ring,
          nicolae_ecumenical_lake_church, minmay_door_square
D:2:      layout_loops_ring, uniq_natasha
D:3:      layout_loops_corners, nicolae_uskayaw_suspiria,
          gammafunk_temple_overflow_forgotten, chequers_serial_rivers_micro_c,
          minmay_fractal_squares_gapless_5, uniq_crazy_yiuf_cottage, uniq_robin
D:4:      layout_cave_pools, kennysheep_mini_moat,
          mainiacjoe_overflow_tiny_flanked, grunt_qazlal_sundering
D:5:      layout_gridville, lightli_temple_of_fire,
          nicolae_elyvilon_peaceful_grove, serial_demonic, serial_demonic_d,
          serial_demonic_a, serial_demonic_a, serial_demonic_a,
          nicolae_stop_n_shop_2
D:6:      layout_rooms, led_xom_imps, minmay_temple_entry_tees, uniq_edmund,
          uniq_pikel, uniq_duvessa
D:7:      layout_cave_pods, mainiacjoe_overflow_concentric_impassable,
          vehumet_statue, kennysheep_generic_room_2
D:8:      layout_loops_corners, nicolae_overflow_hidden_temple,
          lair_entry_dummy, serial_ice, serial_ice_e, serial_ice_o,
          serial_ice_g, serial_ice_b
D:9:      layout_loops_ring, mainiacjoe_overflow_cross_hatched,
          gammafunk_ghost_necromancy, enter_bailey_4, st_stairs_4,
          lemuel_old_faithful
Temple:   hellmonk_temple_divided_pantheon

Skill      XL: |  1  2  3  4  5  6  7  8  9 10 11 |
---------------+----------------------------------+-----
Stealth        | 3 4 5 |  5.9
Fire Magic     | 4 5 6 7 8 |  8.8
Short Blades   | 1 2 |  2.5
Spellcasting   | 3 5 6 8 10 | 10.8
Conjurations   | 2 3 4 5 6 |  6.1
Translocations | 1 3 4 |  4.0
Fighting       | 1 |  1.2
Hexes          | 1 |  1.9
Invocations    | 2 3 |  3.5
Throwing       | |  0.2
Dodging        | |  2.8
Shields        | |  0.2

Action                   |  1- 3 |  4- 6 |  7- 9 | 10-12 || total
-------------------------+-------+-------+-------+-------++-------
Melee: Dagger            |    10 |    20 |       |       ||    30
       Constrict         |     1 |     3 |     8 |     3 ||    15
       Tentacles         |       |     1 |     5 |     3 ||     9
       Short sword       |       |       |    30 |    19 ||    49
Throw: Throwing net      |       |       |     2 |       ||     2
 Cast: Foxfire           |    15 |    72 |   132 |   122 ||   341
       Scorch            |     1 |    14 |    61 |    41 ||   117
       Inner Flame       |       |     1 |     6 |    14 ||    21
       Blink             |       |       |     3 |       ||     3
       Flame Wave        |       |       |     3 |     5 ||     8
       Conjure Flame     |       |       |     1 |     4 ||     5
       Summon Small Mamm |       |       |       |     1 ||     1
       Swiftness         |       |       |       |     1 ||     1
  Use: Scroll            |       |     5 |     4 |     1 ||    10
       Potion            |       |       |     1 |       ||     1
 Stab: Sleeping          |     3 |     6 |     1 |     4 ||    14
       Held in net/web   |       |       |     1 |       ||     1
Armor: Skin              |       |     3 |     1 |     1 ||     5
Dodge: Dodged            |     3 |    22 |    47 |    24 ||    96
Block: Buckler           |       |       |       |     9 ||     9

Table legend: (Time is in decaauts)
 A = Elapsed time spent in this place.
 B = Non-inter-level travel time spent in this place.
 C = Inter-level travel time spent in this place.
 D = Time resting spent in this place.
 E = Time spent auto-exploring this place.
 F = Levels seen in this place.
 G = Mean time per level.
                   A        B        C        D        E       F      G
               +--------+--------+--------+--------+--------+-----+--------+
         Total |  11500 |  11301 |    199 |    284 |   8293 |  11 | 1045.5 |
       Dungeon |  10748 |  10549 |    199 |    282 |   7850 |   9 | 1194.2 |
        Temple |     63 |     63 |      0 |      0 |      0 |   1 |   63.0 |
        Bailey |    687 |    687 |      0 |      2 |    443 |   1 |  687.0 |
               +--------+--------+--------+--------+--------+-----+--------+

Top non-repeatable levels by time:
     D:3: 1572 daAuts
     D:8: 1541 daAuts
     D:5: 1370 daAuts
     D:7: 1331 daAuts
     D:6: 1190 daAuts
     D:2: 1120 daAuts
     D:9: 1073 daAuts
     D:4: 873 daAuts
  Bailey: 687 daAuts
     D:1: 676 daAuts
  Temple: 63 daAuts
